 Dungeon Crawl Stone Soup version 0.32-a0-931-g5a2cda0630 (webtiles) character file.

Game seed: 9267454434589905718

454 bananaken the Cudgeller (level 6, -9/61 HPs)
             Began as a Troll Monk on Apr 14, 2024.
             Mangled by an ogre
             ... wielding a +0 giant club
              (31 damage)
             ... on level 4 of the Dungeon.
             The game lasted 00:04:04 (2199 turns).

bananaken the Cudgeller (Troll Monk)                Turns: 2199, Time: 00:04:05

Health: -9/61      AC:  5    Str: 22    XL:     6   Next: 76%
Magic:  5/5        EV:  9    Int: 12    God:
Gold:   97         SH:  0    Dex: 12    Spells: 3/5 levels left

rFire   . . .        v - +1 mace (heavy)
rCold   . . .        d - orb {light}
rNeg    . . .        b - +0 robe
rPois   .            (helmet restricted)
rElec   .            a - +0 cloak
rCorr   .            (gloves unavailable)
SInv    .            (boots unavailable)
Will    .....        g - amulet of regeneration
Stlth   +            o - +6 ring of intelligence
HPRegen 1.90/turn    (no ring)
MPRegen 0.09/turn

%: no passive effects
@: glowing
A: large, unfitting armour, claws 3, regeneration 1, shaggy fur 1, tough skin 1
a: no special abilities


You were on level 4 of the Dungeon.
You visited 1 branch of the dungeon, and saw 4 of its levels.

You collected 97 gold pieces.

Inventory:

Hand Weapons
 v - a +1 heavy mace (weapon)
Armour
 a - a +0 cloak (worn)
 b - a +0 robe (worn)
 d - an orb of light (worn)
Jewellery
 g - an amulet of regeneration (around neck)
 h - an amulet of magic regeneration
 m - an amulet of reflection
 o - a +6 ring of intelligence (left claw)
 q - a ring of fire
Scrolls
 f - 2 scrolls of teleportation
 k - 2 scrolls of noise {unknown}
 n - 2 scrolls of fog {unknown}
 p - a scroll of fear {unknown}
 r - a scroll of identify {unknown}
 t - a scroll of revelation {unknown}
 u - a scroll of torment {unknown}
Potions
 c - a potion of ambrosia
 j - a potion of might
 l - 2 potions of mutation {unknown}
 s - 2 potions of lignification {unknown}


   Skills:
 + Level 3.5 Fighting
 * Level 5.0 Maces & Flails
 + Level 3.5 Dodging
 + Level 1.1 Air Magic
 + Level 1.3 Alchemy


You had 3 spell levels left.
You knew the following spells:

 Your Spells              Type           Power      Damage    Failure   Level
a - Mercury Vapours       Alch/Air       4%         N/A       30%         2

Your spell library contained the following spells:

 Spells                   Type           Power      Damage    Failure   Level
 Sting                    Conj/Alch      4%         1d3       26%         1
 Scorch                   Fire           0%         2d5       45%         2
 Olgreb's Toxic Radiance  Alch           3%         N/A       89%         4
 Flame Wave               Conj/Fire      0%         2d4       97%         4
 Summon Cactus Giant      Summ           0%         N/A       100%        6


Dungeon Overview and Level Annotations

Branches:
Dungeon (4/15)
 Temple: D:4-7

Altars:
The Shining One

Shops:
D:1 (


Innate Abilities, Weirdness & Mutations

You are too large for most types of armour.
You have claws for hands.
Your natural rate of healing is unusually fast.
You are covered in fur. (AC +1)
You have tough skin. (AC +1)


Message History

An orc is nearby!
An orc is nearby!
The orc shouts!
Found 10 gold pieces.
You sock the orc!
The orc is almost dead.
The orc hits you with a +0 flail! x2
You sock the orc!
You kill the orc!
No target in view!
HP restored.
A hobgoblin comes into view.
The hobgoblin shouts!
An ogre comes into view. It is wielding a +0 giant club.
You see here 10 gold pieces.
There are monsters nearby!
There are monsters nearby!
The ogre shouts!
The hobgoblin completely misses you.
You sock the ogre!
The ogre is heavily wounded.
A kobold comes into view. It is wielding a +0 rapier.
The hobgoblin misses you. The ogre barely misses you. The hobgoblin hits you.
The kobold shouts!
You sock the ogre!
The ogre is almost dead.
A scorpion comes into view.
The ogre hits you with a +0 giant club!!
A hobgoblin comes into view.
The hobgoblin barely misses you.
You hit the ogre but do no damage.
The ogre is almost dead.
The hobgoblin barely misses you. The ogre completely misses you.
The hobgoblin hits you but does no damage.
You hit the ogre.
The ogre is almost dead.
The ogre hits you with a +0 giant club!
The ogre hits you with a +0 giant club!!
Ouch! That really hurt!
You die...

...# #.###...#.#.
....###....)......
..................
..................
..###............ #
##.###...#...
#.#########.###...# ##
##...KOg.......$.....
....sg.@..$..####.####
....########## .# .


You could see an ogre, a scorpion, 2 hobgoblins and a kobold.

Vanquished Creatures
  Sigmund (D:3)
  2 bombardier beetles (D:3)
  Crazy Yiuf (D:3)
  An orc priest (D:4)
  Robin (D:3)
  8 adders
  2 dart slugs
  A ribbon worm (D:3)
  9 orcs
  2 bats
  4 endoplasms
  A giant cockroach (D:3)
  17 goblins
  6 hobgoblins
  3 quokkas
  8 ball pythons
  5 kobolds
  7 rats
79 creatures vanquished.

Notes
Turn   | Place    | Note
-------+----------+-------------------------------------------
     0 | D:1      | bananaken the Troll Monk began the quest for the Orb.
     0 | D:1      | Reached XP level 1. HP: 22/22 MP: 0/0
    20 | D:1      | Found Qyczal's Antique Weapon Boutique.
   138 | D:1      | Reached skill level 3 in Maces & Flails
   162 | D:1      | Reached XP level 2. HP: 29/29 MP: 1/1
   905 | D:2      | Reached XP level 3. HP: 36/36 MP: 2/2
  1156 | D:2      | Reached XP level 4. HP: 43/44 MP: 3/3
  1158 | D:2      | Found Iguacof's Magic Scroll Boutique.
  1446 | D:3      | Reached skill level 4 in Maces & Flails
  1453 | D:3      | Learned a level 2 spell: Mercury Vapours
  1479 | D:3      | Found a faded altar of an unknown god.
  1495 | D:3      | Reached XP level 5. HP: 46/53 MP: 4/4
  1564 | D:3      | Identified the +2 helmet "Xeugimu" {rPois Dex+4 Slay+3}
  1564 | D:3      | Noticed Robin
  1573 | D:3      | Killed Robin
  1672 | D:3      | Noticed Sigmund
  1754 | D:3      | Killed Sigmund
  1755 | D:3      | Reached skill level 1 in Air Magic
  1755 | D:3      | Reached skill level 1 in Alchemy
  1755 | D:3      | Reached XP level 6. HP: 37/61 MP: 5/5
  1826 | D:3      | Found a runed translucent door.
  1827 | D:3      | Noticed Crazy Yiuf
  1833 | D:3      | Killed Crazy Yiuf
  1871 | D:3      | Found a glowing golden altar of the Shining One.
  2154 | D:4      | Reached skill level 5 in Maces & Flails
  2199 | D:4      | Mangled by an ogre

Illustrated notes

Levels and vault maps discovered:
D:1:      dpeg_arrival_rooms_a, layout_basic, serial_shops,
          nicolae_shop_overgrown_old_shop
D:2:      layout_loops_ring, serial_shops, shop, chequers_serial_rivers_small_3,
          grunt_ministairs_1, minmay_misc_feat_room, minivault_11,
          minmay_misc_feat_more_columns
D:3:      layout_basic, tso_altar, ebering_ecumenical_altar_rust,
          uniq_crazy_yiuf_cottage, uniq_sigmund, uniq_robin
D:4:      layout_loops_ring

Skill      XL: |  1  2  3  4  5  6 |
---------------+-------------------+-----
Maces & Flails | 3 4 5 |  5.0
Fighting       | 3 |  3.5
Dodging        | 3 |  3.5
Air Magic      | 1 |  1.1
Alchemy        | 1 |  1.3

Action                     |  1- 3 |  4- 6 || total
---------------------------+-------+-------++-------
  Melee: Mace              |    74 |   114 ||   188
    Use: Scroll            |       |     3 ||     3
         Potion            |       |     1 ||     1
 Armour: Robe              |    61 |    90 ||   151
  Dodge: Dodged            |    32 |    58 ||    90

Table legend: (Time is in decaauts)
 A = Elapsed time spent in this place.
 B = Non-inter-level travel time spent in this place.
 C = Inter-level travel time spent in this place.
 D = Time resting spent in this place.
 E = Time spent auto-exploring this place.
 F = Levels seen in this place.
 G = Mean time per level.
                   A        B        C        D        E       F      G
               +--------+--------+--------+--------+--------+-----+--------+
         Total |   2255 |   2159 |     96 |     10 |   1618 |   4 |  563.8 |
       Dungeon |   2255 |   2159 |     96 |     10 |   1618 |   4 |  563.8 |
               +--------+--------+--------+--------+--------+-----+--------+

Top non-repeatable levels by time:
     D:2: 738 daAuts
     D:3: 715 daAuts
     D:1: 700 daAuts
     D:4: 102 daAuts
